General information
- name: BNet
- type: Ladder team game (AT/RT)
- host: Battle.net
- saver: UrNetSux
map: Cherryville
- players: 8
- length: 42:27
- speed: Fast
- version: 1.27 W3XP
- replay type: Public
» download(240 KB)
Players
team 1 (winner)
MisanthropiC (
green | 44 APM | 1877 actions | 42:27)
7 Tauren Chieftain
3 War Stomp
3 Endurance Aura
1 Reincarnation
» actions
| Assign group hotkey | 25 | |
| Basic commands | 90 | |
| Build / train | 79 | |
| ESC pressed | 8 | |
| Enter build submenu | 20 | |
| Enter hero's abilities submenu | 8 | |
| Give item / drop item | 2 | |
| Right click | 917 | |
| Select / deselect | 360 | |
| Select group hotkey | 215 | |
| Use ability | 153 | |
1877 total
» units
| Peon | 13 | |
| Grunt | 6 | |
| Shaman | 16 | |
| Tauren | 13 | |
| Goblin Shredder | 1 | |
49 total
» upgrades
| Berserker Strength | 1 | |
| Shaman Training | 2 | |
| Armor | 1 | |
| Reinforced Defenses | 1 | |
| Pulverize | 1 | |
6 total
» buildings
| Altar of Storms | 1 | |
| Orc Burrow | 7 | |
| Barracks | 1 | |
| Voodoo Lounge | 1 | |
| Stronghold | 1 | |
| War Mill | 1 | |
| Spirit Lodge | 1 | |
| Fortress | 1 | |
| Tauren Totem | 2 | |
| Great Hall | 1 | |
| Watch Tower | 3 | |
20 total
» build order
00:15 Altar of Storms
00:18 Orc Burrow
00:53 Barracks
01:34 Orc Burrow
02:22 Voodoo Lounge
03:15 Orc Burrow
04:54 Stronghold
05:38 War Mill
05:45 Orc Burrow
07:23 Spirit Lodge
08:56 Fortress
11:24 Tauren Totem
11:25 Tauren Totem
11:52 Great Hall
11:53 Watch Tower
14:42 Orc Burrow
15:46 Watch Tower
16:14 Orc Burrow
16:58 Watch Tower
18:23 Orc Burrow
» items
| Healing Salve | 5 | |
| Lesser Clarity Potion | 4 | |
| Scroll of Speed | 1 | |
| Orb of Lightning | 1 | |
| Scroll of Town Portal | 1 | |
| Scroll of Regeneration | 1 | |
13 total
Niles_Standishh (
pink | 27 APM | 1139 actions | 42:27)
5 Mountain King
3 Storm Bolt
2 Bash
1 Archmage
1 Summon Water Elemental
1 Paladin
1 Holy Light
» actions
| Basic commands | 97 | |
| Build / train | 111 | |
| ESC pressed | 1 | |
| Enter build submenu | 39 | |
| Enter hero's abilities submenu | 7 | |
| Remove unit from queue | 2 | |
| Right click | 192 | |
| Select / deselect | 624 | |
| Use ability | 66 | |
1139 total
» units
| Peasant | 43 | |
| Footman | 6 | |
| Rifleman | 5 | |
| Siege Engine | 20 | |
| Mortar Team | 1 | |
75 total
» upgrades
| Gunpowder | 3 | |
| Plating | 3 | |
| Lumber Harvesting | 2 | |
| Barrage | 1 | |
| Armor | 1 | |
10 total
» buildings
| Altar of Kings | 1 | |
| Farm | 15 | |
| Barracks | 1 | |
| Lumber Mill | 1 | |
| Town Hall | 3 | |
| Scout Tower | 8 | |
| Guard Tower | 4 | |
| Keep | 1 | |
| Blacksmith | 1 | |
| Castle | 1 | |
| Arcane Vault | 1 | |
| Workshop | 4 | |
41 total
» build order
01:27 Altar of Kings
01:45 Farm
02:28 Farm
02:37 Barracks
02:55 Lumber Mill
03:08 Farm
03:55 Farm
05:37 Town Hall
05:42 Scout Tower
05:49 Scout Tower
06:21 Guard Tower
06:25 Scout Tower
06:29 Scout Tower
06:47 Keep
06:56 Blacksmith
07:33 Guard Tower
09:05 Scout Tower
09:12 Castle
09:42 Scout Tower
10:28 Guard Tower
10:30 Scout Tower
11:04 Scout Tower
11:05 Guard Tower
11:46 Arcane Vault
11:59 Workshop
12:36 Workshop
13:01 Farm
14:05 Workshop
15:49 Farm
16:18 Farm
17:57 Farm
17:59 Farm
18:35 Farm
21:06 Workshop
21:12 Farm
21:13 Farm
22:17 Farm
22:18 Farm
24:46 Farm
26:03 Town Hall
29:41 Town Hall
» items
| Scroll of Town Portal | 3 | |
| Orb of Fire | 2 | |
| Scroll of Regeneration | 2 | |
| Potion of Healing | 1 | |
8 total
MyNetSux (
purple | 61 APM | 2596 actions | 42:26)
9 Archmage
3 Summon Water Elemental
3 Brilliance Aura
1 Mass Teleport
2 Blizzard
» actions
| Assign group hotkey | 38 | |
| Basic commands | 338 | |
| Build / train | 102 | |
| Enter build submenu | 49 | |
| Enter hero's abilities submenu | 9 | |
| Give item / drop item | 18 | |
| Remove unit from queue | 2 | |
| Right click | 824 | |
| Select / deselect | 421 | |
| Select group hotkey | 579 | |
| Use ability | 216 | |
2596 total
» units
| Peasant | 12 | |
| Footman | 5 | |
| Goblin Shredder | 1 | |
| Gryphon Rider | 9 | |
| Dragonhawk Rider | 2 | |
| Goblin Sapper | 10 | |
39 total
» upgrades
| Masonry | 3 | |
| Swords | 3 | |
| Armor | 3 | |
| Animal War Training | 1 | |
| Cloud | 1 | |
| Storm Hammers | 1 | |
| Ultravision | 1 | |
13 total
» buildings
| Altar of Kings | 1 | |
| Barracks | 1 | |
| Farm | 10 | |
| Scout Tower | 51 | |
| Arcane Tower | 1 | |
| Keep | 1 | |
| Arcane Vault | 2 | |
| Lumber Mill | 1 | |
| Town Hall | 4 | |
| Castle | 3 | |
| Guard Tower | 19 | |
| Gryphon Aviary | 4 | |
| Blacksmith | 2 | |
100 total
» build order
00:35 Altar of Kings
00:36 Barracks
00:49 Farm
00:50 Farm
01:04 Farm
01:34 Farm
02:05 Scout Tower
03:05 Arcane Tower
03:28 Keep
03:40 Arcane Vault
04:04 Lumber Mill
04:35 Town Hall
04:38 Scout Tower
04:38 Scout Tower
04:39 Scout Tower
04:40 Scout Tower
06:10 Castle
06:10 Castle
06:21 Guard Tower
06:26 Guard Tower
07:23 Gryphon Aviary
07:24 Gryphon Aviary
07:25 Gryphon Aviary
07:26 Gryphon Aviary
07:30 Blacksmith
07:53 Blacksmith
07:56 Farm
10:44 Scout Tower
10:44 Scout Tower
10:46 Scout Tower
10:47 Scout Tower
10:49 Scout Tower
10:50 Scout Tower
10:51 Scout Tower
10:52 Scout Tower
10:53 Scout Tower
10:53 Scout Tower
11:24 Guard Tower
11:26 Guard Tower
13:57 Guard Tower
14:00 Farm
14:00 Farm
14:01 Farm
14:02 Farm
14:03 Farm
17:26 Town Hall
17:40 Scout Tower
17:40 Scout Tower
17:41 Scout Tower
17:41 Scout Tower
17:42 Scout Tower
17:43 Scout Tower
17:47 Arcane Vault
18:15 Guard Tower
18:26 Scout Tower
18:32 Scout Tower
18:34 Scout Tower
18:34 Scout Tower
18:35 Scout Tower
18:35 Scout Tower
18:36 Scout Tower
18:40 Guard Tower
19:10 Guard Tower
19:21 Guard Tower
19:21 Guard Tower
19:22 Guard Tower
19:24 Guard Tower
19:24 Guard Tower
20:50 Guard Tower
21:28 Scout Tower
21:28 Scout Tower
21:29 Scout Tower
21:30 Scout Tower
21:30 Scout Tower
21:30 Scout Tower
21:30 Scout Tower
21:31 Scout Tower
21:31 Scout Tower
21:31 Scout Tower
21:31 Scout Tower
21:32 Scout Tower
21:33 Scout Tower
21:33 Scout Tower
21:33 Scout Tower
21:34 Scout Tower
21:34 Scout Tower
21:34 Scout Tower
21:35 Scout Tower
21:36 Scout Tower
22:14 Guard Tower
25:59 Guard Tower
26:01 Guard Tower
32:25 Town Hall
33:39 Town Hall
» items
| Scroll of Regeneration | 4 | |
| Mechanical Critter | 6 | |
| Periapt of Vitality | 1 | |
| Staff of Teleportation | 1 | |
| Staff of Sanctuary | 1 | |
| Potion of Invisibility | 1 | |
14 total
SolInvictus (
teal | 54 APM | 1955 actions | 36:14)
7 Keeper of the Grove
1 Entangling Roots
3 Thorns Aura
2 Force of Nature
1 Tranquility
2 Priestess of the Moon
2 Trueshot Aura
» actions
| Assign group hotkey | 36 | |
| Basic commands | 59 | |
| Build / train | 92 | |
| Enter build submenu | 31 | |
| Enter hero's abilities submenu | 9 | |
| Remove unit from queue | 18 | |
| Right click | 945 | |
| Select / deselect | 404 | |
| Select group hotkey | 268 | |
| Use ability | 91 | |
1955 total
» units
| Wisp | 29 | |
| Huntress | 4 | |
| Faerie Dragon | 5 | |
| Chimaera | 8 | |
46 total
» upgrades
| Strength of the Wild | 3 | |
| Reinforced Hides | 3 | |
| Corrosive Breath | 1 | |
| Nature's Blessing | 1 | |
8 total
» buildings
| Moon Well | 8 | |
| Altar of Elders | 1 | |
| Ancient of War | 1 | |
| Hunter's Hall | 2 | |
| Tree of Ages | 1 | |
| Ancient of Wonders | 1 | |
| Tree of Life | 5 | |
| Tree of Eternity | 1 | |
| Ancient of Wind | 2 | |
| Chimaera Roost | 4 | |
| Ancient Protector | 1 | |
27 total
» build order
00:42 Moon Well
00:54 Altar of Elders
01:09 Ancient of War
01:53 Moon Well
02:27 Hunter's Hall
02:36 Moon Well
03:16 Tree of Ages
03:22 Hunter's Hall
03:37 Moon Well
03:48 Ancient of Wonders
06:45 Tree of Life
06:53 Tree of Eternity
06:59 Ancient of Wind
07:07 Ancient of Wind
10:13 Chimaera Roost
10:14 Chimaera Roost
10:34 Moon Well
10:36 Moon Well
11:40 Chimaera Roost
16:06 Chimaera Roost
16:56 Ancient Protector
22:31 Tree of Life
24:18 Moon Well
24:29 Moon Well
30:06 Tree of Life
33:21 Tree of Life
34:57 Tree of Life
» items
team 2 (loser)

»
Laser-Lightning (
orange | 55 APM | 1400 actions | 25:34)
6 Keeper of the Grove
3 Entangling Roots
2 Thorns Aura
1 Tranquility
» actions
| Assign group hotkey | 38 | |
| Basic commands | 69 | |
| Build / train | 102 | |
| Enter build submenu | 30 | |
| Enter hero's abilities submenu | 6 | |
| Give item / drop item | 1 | |
| Right click | 445 | |
| Select / deselect | 223 | |
| Select group hotkey | 396 | |
| Use ability | 90 | |
1400 total
» units
| Wisp | 36 | |
| Huntress | 6 | |
| Druid of the Talon | 24 | |
| Chimaera | 7 | |
73 total
» upgrades
| Strength of the Wild | 2 | |
| Reinforced Hides | 3 | |
| Druid of the Talon Training | 2 | |
| Well Spring | 1 | |
| Nature's Blessing | 1 | |
| Mark of the Talon | 1 | |
| Corrosive Breath | 1 | |
11 total
» buildings
| Altar of Elders | 1 | |
| Moon Well | 11 | |
| Hunter's Hall | 1 | |
| Ancient of War | 1 | |
| Ancient Protector | 10 | |
| Tree of Ages | 1 | |
| Tree of Life | 2 | |
| Ancient of Wonders | 1 | |
| Ancient of Wind | 1 | |
| Tree of Eternity | 1 | |
| Chimaera Roost | 2 | |
32 total
» build order
00:17 Altar of Elders
00:20 Moon Well
01:11 Hunter's Hall
01:33 Ancient of War
01:57 Moon Well
02:28 Ancient Protector
03:25 Ancient Protector
03:32 Moon Well
04:10 Tree of Ages
06:01 Tree of Life
06:05 Moon Well
06:15 Ancient of Wonders
06:36 Moon Well
06:49 Ancient of Wind
08:35 Ancient Protector
10:40 Ancient Protector
10:45 Tree of Eternity
11:05 Moon Well
11:50 Ancient Protector
12:18 Moon Well
13:10 Chimaera Roost
15:49 Moon Well
16:02 Chimaera Roost
16:13 Ancient Protector
19:03 Tree of Life
19:07 Ancient Protector
19:57 Moon Well
19:59 Ancient Protector
20:59 Ancient Protector
23:53 Moon Well
23:57 Moon Well
24:03 Ancient Protector
» items
| Potion of Healing | 2 | |
| Potion of Mana | 1 | |
| Boots of Speed | 1 | |
| Circlet of Nobility | 1 | |
| Scroll of Healing | 1 | |
| Scroll of Town Portal | 1 | |
| Orb of Venom | 1 | |
8 total
UrNetSux (
blue | 103 APM | 4379 actions | 42:27)
9 Blademaster
3 Wind Walk
3 Critical Strike
1 Bladestorm
2 Mirror Image
1 Archmage
1 Summon Water Elemental
» actions
| Assign group hotkey | 135 | |
| Basic commands | 184 | |
| Build / train | 154 | |
| ESC pressed | 7 | |
| Enter build submenu | 74 | |
| Enter hero's abilities submenu | 10 | |
| Give item / drop item | 15 | |
| Right click | 1693 | |
| Select / deselect | 607 | |
| Select group hotkey | 1137 | |
| Use ability | 363 | |
4379 total
» units
| Peon | 12 | |
| Grunt | 6 | |
| Troll Headhunter/Berserker | 15 | |
| Raider | 8 | |
| Goblin Zeppelin | 1 | |
| Kodo Beast | 1 | |
| Shaman | 4 | |
| Goblin Shredder | 10 | |
| Troll Batrider | 6 | |
| Siege Engine | 1 | |
| Goblin Sapper | 3 | |
67 total
» upgrades
| Ranged Weapons | 2 | |
| Berserker Strength | 1 | |
| Pillage | 1 | |
| Armor | 2 | |
| Berserker Upgrade | 1 | |
| Reinforced Defenses | 1 | |
| Ensnare | 1 | |
| Troll Regeneration | 1 | |
| War Drums Damage Increase | 1 | |
| Melee Weapons | 2 | |
| Shaman Training | 2 | |
| Witch Doctor Training | 1 | |
| Spiked Barricades | 2 | |
| Masonry | 1 | |
| Spirit Walker Training | 1 | |
20 total
» buildings
| Orc Burrow | 14 | |
| Altar of Storms | 2 | |
| Barracks | 5 | |
| Voodoo Lounge | 2 | |
| War Mill | 1 | |
| Stronghold | 15 | |
| Great Hall | 5 | |
| Watch Tower | 30 | |
| Fortress | 4 | |
| Beastiary | 2 | |
| Spirit Lodge | 2 | |
82 total
» build order
00:14 Orc Burrow
01:05 Altar of Storms
01:08 Barracks
01:16 Orc Burrow
01:43 Voodoo Lounge
02:23 War Mill
03:43 Orc Burrow
04:07 Stronghold
04:07 Stronghold
04:08 Stronghold
04:53 Great Hall
06:38 Watch Tower
06:40 Watch Tower
06:46 Watch Tower
08:13 Fortress
08:13 Fortress
08:13 Fortress
08:15 Watch Tower
08:16 Watch Tower
08:20 Watch Tower
09:24 Watch Tower
10:22 Beastiary
10:25 Barracks
10:32 Beastiary
12:12 Orc Burrow
13:32 Orc Burrow
13:37 Orc Burrow
15:57 Spirit Lodge
16:03 Spirit Lodge
19:56 Stronghold
22:40 Great Hall
22:42 Watch Tower
22:43 Watch Tower
22:55 Watch Tower
22:55 Watch Tower
22:57 Watch Tower
23:06 Barracks
23:07 Barracks
23:10 Barracks
23:23 Orc Burrow
23:55 Orc Burrow
24:38 Voodoo Lounge
28:03 Altar of Storms
30:24 Orc Burrow
30:26 Orc Burrow
30:28 Orc Burrow
30:29 Stronghold
30:30 Stronghold
32:29 Great Hall
32:34 Great Hall
32:45 Watch Tower
32:46 Watch Tower
32:46 Watch Tower
32:47 Watch Tower
32:49 Watch Tower
32:55 Watch Tower
32:57 Watch Tower
32:58 Watch Tower
32:59 Watch Tower
34:25 Great Hall
34:35 Orc Burrow
34:36 Orc Burrow
34:41 Orc Burrow
35:26 Watch Tower
35:43 Stronghold
35:43 Stronghold
35:44 Stronghold
37:25 Watch Tower
37:26 Watch Tower
37:39 Watch Tower
37:40 Watch Tower
37:43 Watch Tower
37:44 Watch Tower
38:52 Watch Tower
38:56 Watch Tower
» items
| Healing Salve | 6 | |
| Lesser Clarity Potion | 4 | |
| Boots of Speed | 1 | |
| Scroll of Town Portal | 3 | |
14 total
KillYourTime (
yellow | 32 APM | 805 actions | 25:05)
6 Archmage
2 Summon Water Elemental
3 Brilliance Aura
1 Mass Teleport
5 Paladin
2 Divine Shield
2 Devotion Aura
1 Resurrection
» actions
| Basic commands | 18 | |
| Build / train | 77 | |
| ESC pressed | 1 | |
| Enter build submenu | 26 | |
| Enter hero's abilities submenu | 9 | |
| Give item / drop item | 2 | |
| Remove unit from queue | 3 | |
| Right click | 340 | |
| Select / deselect | 237 | |
| Use ability | 92 | |
805 total
» units
| Peasant | 8 | |
| Goblin Shredder | 1 | |
| Priest | 4 | |
| Gryphon Rider | 17 | |
| Knight | 3 | |
| Siege Engine | 1 | |
| Sorceress | 1 | |
35 total
» upgrades
| Masonry | 1 | |
| Swords | 3 | |
| Plating | 1 | |
| Priest Training | 1 | |
| Storm Hammers | 1 | |
| Animal War Training | 1 | |
| Armor | 3 | |
| Barrage | 1 | |
| Sorceress Training | 1 | |
13 total
» buildings
| Farm | 13 | |
| Altar of Kings | 1 | |
| Scout Tower | 1 | |
| Arcane Tower | 1 | |
| Keep | 1 | |
| Lumber Mill | 1 | |
| Blacksmith | 1 | |
| Arcane Vault | 1 | |
| Castle | 1 | |
| Arcane Sanctum | 1 | |
| Gryphon Aviary | 2 | |
| Barracks | 1 | |
| Town Hall | 2 | |
| Workshop | 1 | |
28 total
» build order
00:17 Farm
00:21 Altar of Kings
01:00 Scout Tower
01:30 Arcane Tower
02:15 Keep
02:29 Lumber Mill
02:37 Farm
02:50 Blacksmith
03:21 Arcane Vault
04:09 Farm
04:37 Castle
05:21 Arcane Sanctum
06:03 Gryphon Aviary
06:20 Gryphon Aviary
06:45 Farm
07:33 Farm
08:37 Barracks
08:57 Town Hall
10:23 Farm
11:23 Farm
12:03 Farm
12:52 Farm
13:44 Farm
16:42 Farm
17:46 Workshop
21:22 Farm
22:10 Farm
24:11 Town Hall
» items
| Scroll of Protection | 1 | |
| Scroll of Town Portal | 2 | |
| Orb of Fire | 1 | |
| Scroll of Regeneration | 2 | |
| Potion of Healing | 1 | |
7 total
Chat log
(00:43 / Allies) UrNetSux: cc
(02:10 / All) MyNetSux: WHAT IS LOVE
(02:13 / All) MyNetSux: BABY DONT HURT ME
(02:15 / All) MyNetSux: DONT HURT ME
(02:16 / All) MyNetSux: NO MORE
(10:24 / All) MisanthropiC: wow
(10:27 / All) MisanthropiC: fucking teal
(10:29 / All) MisanthropiC: is the biggest fucking noob
(11:30 / Allies) UrNetSux: wood me?
(11:38 / Allies) UrNetSux: ty
(17:21 / All) UrNetSux: lol
(20:48 / All) MisanthropiC: WHY IS PURPLE RUNNING
(20:49 / All) MisanthropiC: loL
(20:50 / All) MisanthropiC: OMFG
(20:51 / All) MisanthropiC: NOOB
(22:07 / All) MisanthropiC: purple is just enjoying his towers
(22:43 / Allies) UrNetSux: wood me
(22:52 / Allies) UrNetSux: ty
(23:43 / All) MisanthropiC: purple wants to be the hero
(27:30 / All) MyNetSux: GREEN TK
(33:30 / All) UrNetSux: Fucking tank noob
(34:21 / All) MyNetSux: Close one
(36:22 / All) MyNetSux: tell them the rub
(36:36 / All) UrNetSux: From where you're all kneeling it must look like an 18-karat run of luck
(36:41 / All) UrNetSux: but the truth is, the game was rigged from the start
(36:44 / All) UrNetSux: me and purp were in it together
(36:50 / All) UrNetSux: We're going to kill everything including our own units
(36:55 / All) UrNetSux: and give you equal chances of victory vs red
(37:00 / All) UrNetSux: you can leave your PCs on all night, sound fair?
(42:21 / All) MyNetSux: Good luck fellas
(42:23 / All) UrNetSux: gl
(42:24 / All) MyNetSux: Catch you around